Senators vs Punishers
Created - 7 avril 2017 at 20:33
Goals
|
| Senators |
3 |
1 |
2 |
0 |
1 |
6 |
| Punishers |
0 |
2 |
4 |
0 |
2 |
7 |
|
Shots
|
| Senators |
16 |
9 |
18 |
0 |
3 |
43 |
| Punishers |
6 |
5 |
12 |
2 |
3 |
25 |
|
1st period
1. Senators , Cody Hodgson 39 (Sergei Kostitsyn) at 0:04
2. Senators , Sergei Kostitsyn 49 (Cody Hodgson) at 10:42
3. Senators , Sergei Kostitsyn 50 (Cody Hodgson) at 18:48
Penalties :
No Penalty
2nd period
4. Punishers , Mike Blunden 11 (Petteri Nokelainen) at 10:50 (PP)
5. Senators , Stanislav Chistov 41 (Sergei Kostitsyn, Shane Sims) at 12:43
6. Punishers , Casey Cizikas 21 (Alex Petrovic) at 16:42
Penalties :
Logan Stephenson (BIN) for Interference (Minor) at 10:48, Tommy Wingels (BIN) for Diving (Minor) at 14:00
3rd period
7. Punishers , Adam McQuaid 4 (Ryan Malone) at 2:15 (PP)
8. Punishers , Ryan Malone 34 (Mike Blunden) at 6:29
9. Senators , Stanislav Chistov 42 (Cody Hodgson, Sergei Kostitsyn) at 9:18 (PP)
10. Senators , Sergei Kostitsyn 51 (Stanislav Chistov, Cody Hodgson) at 14:54 (PP)
11. Punishers , Ryan Malone 35 (Mike Blunden, Petteri Nokelainen) at 15:08
12. Punishers , Ryan Malone 36 (Mike Blunden, Petteri Nokelainen) at 15:52 (PP)
Penalties :
Jeff Petry (BIN) for Hooking (Minor) at 2:05, Mike Sauer (Pro) for Interference (Minor) at 8:15, Mike Blunden (Pro) for Roughing (Minor) at 14:44, Logan Stephenson (BIN) for Interference (Minor) at 15:11
Overtime #1
No Goal
Penalties :
No Penalty
Shootout
Penalty Shot by Sergei Kostitsyn for Senators - Stopped by Kevin Poulin
Penalty Shot by Ryan Malone for Punishers - Goal!
Penalty Shot by Cody Hodgson for Senators - Stopped by Kevin Poulin
Penalty Shot by Tanner Glass for Punishers - Shot Misses the Net
Penalty Shot by Stanislav Chistov for Senators - Goal!
Penalty Shot by Petteri Nokelainen for Punishers - Goal!
Penalties :
No Penalty
Goalie Stats
Jeff Frazee (BIN), 19 saves from 25 shots - (0,760), OTL, 7-12-2, 65:00 minutes
Kevin Poulin (Pro), 37 saves from 43 shots - (0,860), W, 20-18-3, 65:00 minutes
Players Stats for Senators
Player Name G A P +/- PIM S H SB GA TA FO MP PP MP PK MP
------------------------------------------------------------------------------------
Cody Hodgson 1 4 5 3 0 4 1 1 0 0 26/46 24:36 0:46 1:47
Gabriel Bourque 0 0 0 0 0 1 0 0 1 0 1/1 14:04 0:00 0:00
Jaden Schwartz 0 0 0 -1 0 4 3 1 0 0 0/0 17:11 0:27 0:33
Jeff Petry 0 0 0 -1 2 0 4 1 0 0 0/0 21:10 0:17 0:43
Logan Stephenson 0 0 0 1 4 1 4 0 1 3 0/0 30:41 0:56 1:18
Marc-André Bernier 0 0 0 -1 0 1 2 0 0 0 0/0 15:34 0:27 0:00
Mark Olver 0 0 0 -1 0 2 1 0 1 0 9/12 15:34 0:27 0:00
Martin Marincin 0 0 0 1 0 1 0 0 0 0 0/0 12:14 0:00 0:00
Matt Frattin 0 0 0 0 0 4 0 0 0 0 0/0 13:59 0:00 0:32
Nick Bjugstad 0 0 0 0 0 0 0 0 0 1 5/7 12:36 0:00 0:05
Nicolas Deslauriers 0 0 0 1 0 0 2 0 0 0 0/0 13:08 0:00 0:53
Patrick Wey 0 0 0 -1 0 2 5 1 1 0 0/0 21:18 0:17 0:49
Ryan Dzingel 0 0 0 -1 0 0 1 0 0 0 0/2 8:41 0:00 0:22
Sergei Kostitsyn 3 3 6 3 0 7 1 2 1 1 2/8 24:46 0:46 1:52
Shane Sims 0 1 1 1 0 2 2 3 0 1 0/0 31:26 0:56 2:01
Stanislav Chistov 2 1 3 3 0 12 3 1 0 0 1/1 22:36 0:46 0:33
Tomas Jurco 0 0 0 -1 0 1 1 0 0 0 0/0 7:57 0:00 0:00
Tommy Wingels 0 0 0 -1 2 1 1 0 1 1 1/1 9:33 0:00 0:00
Players Stats for Punishers
Player Name G A P +/- PIM S H SB GA TA FO MP PP MP PK MP
------------------------------------------------------------------------------------
Adam McQuaid 1 0 1 -1 0 3 3 2 0 0 0/0 31:16 2:08 0:46
Alex Petrovic 0 1 1 0 0 1 1 1 1 1 0/0 20:35 0:44 0:27
Boone Jenner 0 0 0 0 0 1 0 0 0 0 1/1 7:19 0:00 0:00
Brandon McMillan 0 0 0 0 0 0 0 1 1 0 0/0 10:12 0:00 0:00
Casey Cizikas 1 0 1 1 0 5 3 0 0 0 4/10 13:31 0:00 0:00
Frazer Mclaren 0 0 0 1 0 0 2 0 1 0 2/3 12:25 0:00 0:09
Justin Falk 0 0 0 -1 0 3 2 3 2 2 0/0 35:50 2:08 1:13
Luke Adam 0 0 0 -1 0 1 0 0 0 0 4/17 15:12 1:05 0:00
Matt Mackenzie 0 0 0 0 0 0 1 2 0 0 0/0 14:56 0:00 0:00
Michael Ferland 0 0 0 0 0 0 0 0 0 0 0/0 0:18 0:00 0:00
Miikka Salomaki 0 0 0 -1 0 0 1 0 0 0 0/0 15:11 1:05 0:00
Mike Blunden 1 3 4 -1 2 2 2 2 0 1 2/3 21:44 1:47 0:00
Mike Sauer 0 0 0 0 2 0 2 1 1 1 0/0 25:06 0:44 0:00
Petteri Nokelainen 0 3 3 -1 0 3 1 0 0 0 16/35 23:08 1:47 0:09
Philippe Paradis 0 0 0 0 0 0 0 0 0 0 1/1 1:26 0:00 0:17
Quinton Howden 0 0 0 0 0 0 0 0 0 0 0/0 4:35 0:00 0:00
Radek Smolenak 0 0 0 0 0 0 1 0 0 0 0/0 10:12 0:00 0:00
Ryan Malone 3 1 4 0 0 6 2 1 1 0 3/7 30:45 1:47 0:52
Tanner Glass 0 0 0 -1 0 0 2 0 0 1 0/1 25:04 1:05 0:59
3 Stars
1 - Sergei Kostitsyn (BIN)
2 - Cody Hodgson (BIN)
3 - Ryan Malone (Pro)
Power Play
Senators - 2 on 2 Attempt(s) - 100,00%
Punishers - 3 on 4 Attempt(s) - 75,00%
Penalty Kill
Senators - 1 on 4 Attempt(s) - 25,00%
- Score 0 goal in Penalty Kill
Punishers - 0 on 2 Attempt(s) - 0,00%
- Score 0 goal in Penalty Kill
Team Stat
Senators - Hits : 31 - Faceoff Wins : 45 - Blocked Shots : 10 - Penalty Minutes : 8
Punishers - Hits : 23 - Faceoff Wins : 33 - Blocked Shots : 13 - Penalty Minutes : 4
Official
Referees : Dwyer Gord and Watson Brad
Linesman : Pierre Racicot and Dan Schachte
Game Notes
12:43 of 2nd period - Senators goal is going for a video replay. After video review, Goal.
9:18 of 3rd period - Senators goal is going for a video replay. After video review, Goal.
Sergei Kostitsyn has scored a Hat Trick!
Ryan Malone has scored a Hat Trick!
Finance
Level 1 -- Attendance: 1550 (77,50%) -- Ticket Income 54 250 $
Level 2 -- Attendance: 756 (75,60%) -- Ticket Income 11 340 $
Total Attendance: 2306 (76,87%)
Total Ticket Income: 65 590 $
Other Income: 3 280 $
Total Income: 68 870 $
Senators
5 vs 5 Forward
Center Left Wing Right Wing Time % Phy DF OF
1 Cody Hodgson Sergei Kostitsyn Stanislav Chistov 40 1 2 2
2 Mark Olver Jaden Schwartz Marc-André Bernier 30 1 2 2
3 Nick Bjugstad Gabriel Bourque Matt Frattin 20 1 2 2
4 Tommy Wingels Ryan Dzingel Tomas Jurco 10 1 2 2
5 vs 5 Defense
Defense Defense Time % Phy DF OF
1 Logan Stephenson Shane Sims 40 1 2 2
2 Patrick Wey Jeff Petry 30 1 2 2
3 Martin Marincin Nicolas Deslauriers 20 1 2 2
4 Logan Stephenson Shane Sims 10 1 2 2
PowerPlay Forward
Center Left Wing Right Wing Time % Phy DF OF
1 Cody Hodgson Sergei Kostitsyn Stanislav Chistov 60 0 2 3
2 Mark Olver Jaden Schwartz Marc-André Bernier 40 0 2 3
PowerPlay Defense
Defense Defense Time % Phy DF OF
1 Logan Stephenson Shane Sims 60 1 2 2
2 Patrick Wey Jeff Petry 40 1 2 2
Penalty Kill 4 Players Forward
Center Wing Time % Phy DF OF
1 Sergei Kostitsyn Cody Hodgson 60 1 2 2
2 Stanislav Chistov Jaden Schwartz 40 1 2 2
Penalty Kill 4 Players Defense
Defense Defense Time % Phy DF OF
1 Logan Stephenson Shane Sims 60 1 2 2
2 Patrick Wey Jeff Petry 40 1 2 2
Penalty Kill - 3 Players Forward
Forward Time % Phy DF OF
1 Sergei Kostitsyn 60 1 2 2
2 Cody Hodgson 40 1 2 2
Penalty Kill - 3 Players Defense
Defense Defense Time % Phy DF OF
1 Logan Stephenson Shane Sims 60 1 2 2
2 Patrick Wey Jeff Petry 40 1 2 2
4 vs 4 Forward
Center Wing Time % Phy DF OF
1 Sergei Kostitsyn Cody Hodgson 60 1 2 2
2 Stanislav Chistov Jaden Schwartz 40 1 2 2
4 vs 4 Defense
Defense Defense Time % Phy DF OF
1 Logan Stephenson Shane Sims 60 1 2 2
2 Patrick Wey Jeff Petry 40 1 2 2
Last Minutes Offensive
Center Left Wing Right Wing Defense Defense
Cody Hodgson Sergei Kostitsyn Stanislav Chistov Logan Stephenson Shane Sims
Last Minutes Defensive
Center Left Wing Right Wing Defense Defense
Cody Hodgson Sergei Kostitsyn Stanislav Chistov Logan Stephenson Shane Sims
Goaltenders
Starting : Jeff Frazee
Backup : Marc Denis
Extra Forwards
Normal : Gabriel Bourque, Tommy Wingels, Matt Frattin - PP : Gabriel Bourque, Tommy Wingels - PK : Matt Frattin
Extra Defensemen
Normal : Martin Marincin, Nicolas Deslauriers, Patrick Wey - PP : Martin Marincin - PK : Nicolas Deslauriers, Patrick Wey
Penalty Shots
Sergei Kostitsyn, Cody Hodgson, Stanislav Chistov, Jaden Schwartz, Gabriel Bourque
Punishers
5 vs 5 Forward
Center Left Wing Right Wing Time % Phy DF OF
1 Petteri Nokelainen Ryan Malone Mike Blunden 40 1 2 2
2 Luke Adam Tanner Glass Miikka Salomaki 30 1 2 2
3 Casey Cizikas Frazer Mclaren Ryan Malone 20 1 2 2
4 Brandon McMillan Radek Smolenak Tanner Glass 10 1 2 2
5 vs 5 Defense
Defense Defense Time % Phy DF OF
1 Justin Falk Adam McQuaid 40 1 2 2
2 Mike Sauer Alex Petrovic 30 1 2 2
3 Matt Mackenzie Justin Falk 20 1 2 2
4 Adam McQuaid Mike Sauer 10 1 2 2
PowerPlay Forward
Center Left Wing Right Wing Time % Phy DF OF
1 Petteri Nokelainen Ryan Malone Mike Blunden 60 1 2 2
2 Luke Adam Tanner Glass Miikka Salomaki 40 1 2 2
PowerPlay Defense
Defense Defense Time % Phy DF OF
1 Justin Falk Adam McQuaid 60 1 2 2
2 Mike Sauer Alex Petrovic 40 1 2 2
Penalty Kill 4 Players Forward
Center Wing Time % Phy DF OF
1 Ryan Malone Tanner Glass 60 1 2 2
2 Petteri Nokelainen Frazer Mclaren 40 1 2 2
Penalty Kill 4 Players Defense
Defense Defense Time % Phy DF OF
1 Justin Falk Adam McQuaid 60 1 2 2
2 Mike Sauer Alex Petrovic 40 1 2 2
Penalty Kill - 3 Players Forward
Forward Time % Phy DF OF
1 Ryan Malone 60 1 2 2
2 Tanner Glass 40 1 2 2
Penalty Kill - 3 Players Defense
Defense Defense Time % Phy DF OF
1 Justin Falk Adam McQuaid 60 1 2 2
2 Mike Sauer Alex Petrovic 40 1 2 2
4 vs 4 Forward
Center Wing Time % Phy DF OF
1 Ryan Malone Tanner Glass 60 1 2 2
2 Petteri Nokelainen Frazer Mclaren 40 1 2 2
4 vs 4 Defense
Defense Defense Time % Phy DF OF
1 Justin Falk Adam McQuaid 60 1 2 2
2 Mike Sauer Alex Petrovic 40 1 2 2
Last Minutes Offensive
Center Left Wing Right Wing Defense Defense
Petteri Nokelainen Ryan Malone Mike Blunden Justin Falk Adam McQuaid
Last Minutes Defensive
Center Left Wing Right Wing Defense Defense
Petteri Nokelainen Ryan Malone Mike Blunden Justin Falk Adam McQuaid
Goaltenders
Starting : Kevin Poulin
Backup : Niklas Svedberg
Extra Forwards
Normal : Boone Jenner, Quinton Howden, Philippe Paradis - PP : Boone Jenner, Quinton Howden - PK : Philippe Paradis
Extra Defensemen
Normal : Matt Mackenzie, Alex Petrovic, Justin Falk - PP : Matt Mackenzie - PK : Alex Petrovic, Justin Falk
Penalty Shots
Ryan Malone, Tanner Glass, Petteri Nokelainen, Frazer Mclaren, Luke Adam
% Time on Ice - Senators
Lines # - Real PCT - Wanted PCT - Time Play
Normal Forward
1 - 36% - 40% - 20:19
2 - 27% - 30% - 15:08
3 - 22% - 20% - 12:31
4 - 14% - 10% - 7:57
Normal Defense
1 - 38% - 40% - 21:22
2 - 33% - 30% - 18:14
3 - 21% - 20% - 11:58
4 - 8% - 10% - 4:21
PP Forward
1 - 63% - 60% - 0:46
2 - 37% - 40% - 0:27
PP Defense
1 - 77% - 60% - 0:56
2 - 23% - 40% - 0:17
PK Forward
1 - 81% - 60% - 2:19
2 - 19% - 40% - 0:33
PK Defense
1 - 75% - 60% - 2:09
2 - 25% - 40% - 0:43
PK3 Forward
1 - 0% - 60%
2 - 0% - 40%
PK3 Defense
1 - 0% - 60%
2 - 0% - 40%
44 Forward
1 - 79% - 60% - 3:57
2 - 21% - 40% - 1:03
44 Defense
1 - 56% - 60% - 2:47
2 - 44% - 40% - 2:13
Last Minute Offensive - 0:00
Last Minute Defensive - 0:00
Total
Forward - 65:00
Defense - 65:00
|
% Time on Ice - Punishers
Lines # - Real PCT - Wanted PCT - Time Play
Normal Forward
1 - 36% - 40% - 20:22
2 - 26% - 30% - 14:16
3 - 20% - 20% - 11:05
4 - 18% - 10% - 10:12
Normal Defense
1 - 36% - 40% - 20:04
2 - 30% - 30% - 17:01
3 - 23% - 20% - 12:57
4 - 11% - 10% - 5:53
PP Forward
1 - 62% - 60% - 1:47
2 - 38% - 40% - 1:05
PP Defense
1 - 74% - 60% - 2:08
2 - 26% - 40% - 0:44
PK Forward
1 - 88% - 60% - 1:04
2 - 12% - 40% - 0:09
PK Defense
1 - 63% - 60% - 0:46
2 - 37% - 40% - 0:27
PK3 Forward
1 - 0% - 60%
2 - 0% - 40%
PK3 Defense
1 - 0% - 60%
2 - 0% - 40%
44 Forward
1 - 76% - 60% - 3:49
2 - 24% - 40% - 1:11
44 Defense
1 - 55% - 60% - 2:45
2 - 45% - 40% - 2:15
Last Minute Offensive - 0:00
Last Minute Defensive - 0:00
Total
Forward - 65:00
Defense - 65:00
|
Play by Play
1st period
0:01 of 1st period - Cody Hodgson wins face-off versus Ryan Malone in neutral zone.
0:04 of 1st period - Wrist shot by Cody Hodgson.
0:04 of 1st period - Goal by Cody Hodgson - Senators : 1 - Punishers : 0.
0:05 of 1st period - Mark Olver wins face-off versus Luke Adam in neutral zone.
0:38 of 1st period - Snap shot by Mike Blunden.
0:38 of 1st period - Stopped by Jeff Frazee without a rebound.
0:39 of 1st period - Nick Bjugstad wins face-off versus Casey Cizikas in Senators zone.
0:52 of 1st period - Backhand shot by Gabriel Bourque.
0:52 of 1st period - Shot Misses the Net.
0:54 of 1st period - Wrist shot by Shane Sims.
0:54 of 1st period - Shot Hit the Post.
1:21 of 1st period - Icing by Martin Marincin.
1:22 of 1st period - Mike Blunden wins face-off versus Cody Hodgson in Senators zone.
2:10 of 1st period - Off-side.
2:11 of 1st period - Casey Cizikas wins face-off versus Mark Olver in neutral zone.
3:20 of 1st period - Mike Sauer is hit by Stanislav Chistov and loses puck.
3:33 of 1st period - Snap shot by Jaden Schwartz.
3:33 of 1st period - Stopped by Kevin Poulin without a rebound.
3:34 of 1st period - Mark Olver wins face-off versus Frazer Mclaren in Punishers zone.
3:57 of 1st period - Adam McQuaid is hit by Stanislav Chistov and loses puck.
4:38 of 1st period - Wrist shot by Tommy Wingels.
4:38 of 1st period - Deflect By Tomas Jurco.
4:38 of 1st period - Shot Misses the Net.
4:38 of 1st period - Puck is out of play.
4:39 of 1st period - Frazer Mclaren wins face-off versus Ryan Dzingel in Punishers zone.
5:56 of 1st period - Snap shot by Luke Adam.
5:56 of 1st period - Shot Misses the Net.
7:11 of 1st period - Snap shot by Sergei Kostitsyn.
7:11 of 1st period - Shot Misses the Net.
7:21 of 1st period - Logan Stephenson is hit by Frazer Mclaren and loses puck.
7:30 of 1st period - Ryan Malone is hit by Logan Stephenson and loses puck.
8:07 of 1st period - Snap shot by Matt Frattin.
8:07 of 1st period - Stopped by Kevin Poulin without a rebound.
8:08 of 1st period - Cody Hodgson wins face-off versus Luke Adam in Punishers zone.
8:11 of 1st period - Snap shot by Sergei Kostitsyn.
8:11 of 1st period - Stopped by Kevin Poulin with a rebound.
8:35 of 1st period - Jaden Schwartz is hit by Petteri Nokelainen and loses puck.
8:54 of 1st period - Matt Frattin is hit by Casey Cizikas and loses puck.
9:03 of 1st period - Wrist shot by Casey Cizikas.
9:03 of 1st period - Shot Blocked by Shane Sims.
9:05 of 1st period - Slapshot by Alex Petrovic.
9:05 of 1st period - Deflect By Casey Cizikas.
9:05 of 1st period - Shot Misses the Net.
9:05 of 1st period - Puck is out of play.
9:06 of 1st period - Cody Hodgson wins face-off versus Petteri Nokelainen in Senators zone.
9:17 of 1st period - Snap shot by Cody Hodgson.
9:17 of 1st period - Deflect By Sergei Kostitsyn.
9:17 of 1st period - Shot Blocked by Adam McQuaid.
9:17 of 1st period - Puck is out of play.
9:18 of 1st period - Cody Hodgson wins face-off versus Luke Adam in Punishers zone.
9:45 of 1st period - Ryan Malone is hit by Jaden Schwartz and loses puck.
10:34 of 1st period - Wrist shot by Tomas Jurco.
10:34 of 1st period - Stopped by Kevin Poulin without a rebound.
10:35 of 1st period - Cody Hodgson wins face-off versus Luke Adam in Punishers zone.
10:40 of 1st period - Wrist shot by Stanislav Chistov.
10:40 of 1st period - Stopped by Kevin Poulin without a rebound.
10:41 of 1st period - Cody Hodgson wins face-off versus Petteri Nokelainen in Punishers zone.
10:42 of 1st period - Slapshot by Sergei Kostitsyn.
10:42 of 1st period - Goal by Sergei Kostitsyn - Senators : 2 - Punishers : 0.
10:43 of 1st period - Cody Hodgson wins face-off versus Petteri Nokelainen in neutral zone.
11:10 of 1st period - Miikka Salomaki is hit by Logan Stephenson and loses puck.
11:33 of 1st period - Wrist shot by Casey Cizikas.
11:33 of 1st period - Stopped by Jeff Frazee without a rebound.
11:34 of 1st period - Casey Cizikas wins face-off versus Nick Bjugstad in Senators zone.
11:45 of 1st period - Snap shot by Casey Cizikas.
11:45 of 1st period - Stopped by Jeff Frazee with a rebound.
11:53 of 1st period - Snap shot by Gabriel Bourque.
11:53 of 1st period - Shot Hit the Post.
12:45 of 1st period - Wrist shot by Marc-André Bernier.
12:45 of 1st period - Shot Misses the Net.
13:15 of 1st period - Snap shot by Cody Hodgson.
13:15 of 1st period - Stopped by Kevin Poulin without a rebound.
13:16 of 1st period - Petteri Nokelainen wins face-off versus Cody Hodgson in Punishers zone.
13:23 of 1st period - Slapshot by Ryan Malone.
13:23 of 1st period - Shot Misses the Net.
13:25 of 1st period - Slapshot by Alex Petrovic.
13:25 of 1st period - Stopped by Jeff Frazee without a rebound.
13:26 of 1st period - Mike Blunden wins face-off versus Cody Hodgson in Senators zone.
13:35 of 1st period - Snap shot by Ryan Malone.
13:35 of 1st period - Deflect By Petteri Nokelainen.
13:35 of 1st period - Shot Blocked by Patrick Wey.
13:35 of 1st period - Puck is out of play.
13:36 of 1st period - Cody Hodgson wins face-off versus Luke Adam in Senators zone.
14:01 of 1st period - Petteri Nokelainen is hit by Logan Stephenson and loses puck.
14:08 of 1st period - Snap shot by Petteri Nokelainen.
14:08 of 1st period - Shot Blocked by Jaden Schwartz.
14:26 of 1st period - Snap shot by Gabriel Bourque.
14:26 of 1st period - Deflect By Nick Bjugstad.
14:26 of 1st period - Shot Misses the Net.
14:26 of 1st period - Puck is out of play.
14:27 of 1st period - Petteri Nokelainen wins face-off versus Cody Hodgson in Punishers zone.
14:27 of 1st period - Petteri Nokelainen is hit by Patrick Wey.
14:33 of 1st period - Jeff Petry is hit by Mike Blunden.
14:53 of 1st period - Jaden Schwartz is hit by Tanner Glass and loses puck.
15:14 of 1st period - Wrist shot by Tanner Glass.
15:14 of 1st period - Shot Blocked by Jeff Petry.
15:30 of 1st period - Icing by Ryan Malone.
15:31 of 1st period - Nick Bjugstad wins face-off versus Casey Cizikas in Punishers zone.
16:09 of 1st period - Wrist shot by Ryan Malone.
16:09 of 1st period - Shot Misses the Net.
16:11 of 1st period - Slapshot by Justin Falk.
16:11 of 1st period - Deflect By Casey Cizikas.
16:11 of 1st period - Shot Misses the Net.
16:11 of 1st period - Puck is out of play.
16:12 of 1st period - Cody Hodgson wins face-off versus Luke Adam in Senators zone.
16:25 of 1st period - Wrist shot by Stanislav Chistov.
16:25 of 1st period - Stopped by Kevin Poulin without a rebound.
16:26 of 1st period - Cody Hodgson wins face-off versus Luke Adam in Punishers zone.
16:58 of 1st period - Slapshot by Ryan Malone.
16:58 of 1st period - Stopped by Jeff Frazee with a rebound.
17:35 of 1st period - Mike Blunden is hit by Jaden Schwartz and loses puck.
17:52 of 1st period - Cody Hodgson is hit by Tanner Glass and loses puck.
18:10 of 1st period - Snap shot by Tommy Wingels.
18:10 of 1st period - Stopped by Kevin Poulin without a rebound.
18:11 of 1st period - Casey Cizikas wins face-off versus Cody Hodgson in Punishers zone.
18:24 of 1st period - Stanislav Chistov is hit by Casey Cizikas and loses puck.
18:44 of 1st period - Snap shot by Jaden Schwartz.
18:44 of 1st period - Stopped by Kevin Poulin with a rebound.
18:46 of 1st period - Slapshot by Shane Sims.
18:46 of 1st period - Deflect By Mark Olver.
18:46 of 1st period - Stopped by Kevin Poulin without a rebound.
18:47 of 1st period - Cody Hodgson wins face-off versus Luke Adam in Punishers zone.
18:48 of 1st period - Wrist shot by Sergei Kostitsyn.
18:48 of 1st period - Goal by Sergei Kostitsyn - Senators : 3 - Punishers : 0.
18:49 of 1st period - Sergei Kostitsyn wins face-off versus Petteri Nokelainen in neutral zone.
18:52 of 1st period - Slapshot by Logan Stephenson.
18:52 of 1st period - Shot Misses the Net.
18:54 of 1st period - Wrist shot by Cody Hodgson.
18:54 of 1st period - Stopped by Kevin Poulin without a rebound.
18:55 of 1st period - Cody Hodgson wins face-off versus Petteri Nokelainen in Punishers zone.
18:58 of 1st period - Wrist shot by Stanislav Chistov.
18:58 of 1st period - Stopped by Kevin Poulin without a rebound.
18:59 of 1st period - Petteri Nokelainen wins face-off versus Cody Hodgson in Punishers zone.
19:08 of 1st period - Snap shot by Stanislav Chistov.
19:08 of 1st period - Stopped by Kevin Poulin without a rebound.
19:09 of 1st period - Cody Hodgson wins face-off versus Petteri Nokelainen in Punishers zone.
19:20 of 1st period - Snap shot by Adam McQuaid.
19:20 of 1st period - Stopped by Jeff Frazee without a rebound.
19:21 of 1st period - Mark Olver wins face-off versus Petteri Nokelainen in Senators zone.
19:26 of 1st period - Mike Blunden is hit by Marc-André Bernier and loses puck.
Goals for this period are 3 for Senators vs 0 for Punishers.
Shots for this period are 16 for Senators vs 6 for Punishers.
2nd period
0:01 of 2nd period - Stanislav Chistov wins face-off versus Petteri Nokelainen in neutral zone.
0:49 of 2nd period - Mark Olver is hit by Ryan Malone and loses puck.
1:24 of 2nd period - Jeff Petry is hit by Adam McQuaid.
2:24 of 2nd period - Gabriel Bourque is hit by Frazer Mclaren and loses puck.
2:53 of 2nd period - Adam McQuaid is hit by Jeff Petry and loses puck.
3:02 of 2nd period - Wrist shot by Cody Hodgson.
3:02 of 2nd period - Shot Blocked by Alex Petrovic.
3:14 of 2nd period - Tanner Glass is hit by Patrick Wey and loses puck.
3:33 of 2nd period - Casey Cizikas is hit by Jaden Schwartz and loses puck.
3:42 of 2nd period - Casey Cizikas is hit by Nicolas Deslauriers and loses puck.
4:09 of 2nd period - Miikka Salomaki is hit by Jeff Petry.
4:25 of 2nd period - Brandon McMillan is hit by Logan Stephenson and loses puck.
4:40 of 2nd period - Mike Sauer is hit by Marc-André Bernier and loses puck.
5:33 of 2nd period - Wrist shot by Marc-André Bernier.
5:33 of 2nd period - Shot Misses the Net.
5:39 of 2nd period - Justin Falk is hit by Mark Olver and loses puck.
6:06 of 2nd period - Alex Petrovic is hit by Patrick Wey and loses puck.
6:28 of 2nd period - Brandon McMillan is hit by Patrick Wey and loses puck.
6:58 of 2nd period - Jaden Schwartz is hit by Matt Mackenzie.
7:11 of 2nd period - Snap shot by Marc-André Bernier.
7:11 of 2nd period - Stopped by Kevin Poulin without a rebound.
7:12 of 2nd period - Cody Hodgson wins face-off versus Petteri Nokelainen in Punishers zone.
7:55 of 2nd period - Tanner Glass is hit by Ryan Dzingel.
8:22 of 2nd period - Slapshot by Martin Marincin.
8:22 of 2nd period - Shot Blocked by Matt Mackenzie.
9:11 of 2nd period - Icing by Frazer Mclaren.
9:12 of 2nd period - Frazer Mclaren wins face-off versus Cody Hodgson in Punishers zone.
9:32 of 2nd period - Snap shot by Gabriel Bourque.
9:32 of 2nd period - Shot Misses the Net.
9:34 of 2nd period - Slapshot by Jeff Petry.
9:34 of 2nd period - Shot Blocked by Mike Sauer.
9:40 of 2nd period - Martin Marincin is hit by Mike Sauer.
9:59 of 2nd period - Slapshot by Logan Stephenson.
9:59 of 2nd period - Deflect By Tommy Wingels.
9:59 of 2nd period - Shot Misses the Net.
9:59 of 2nd period - Puck is out of play.
10:00 of 2nd period - Cody Hodgson wins face-off versus Luke Adam in Punishers zone.
10:07 of 2nd period - Wrist shot by Sergei Kostitsyn.
10:07 of 2nd period - Shot Blocked by Justin Falk.
10:26 of 2nd period - Backhand shot by Nick Bjugstad.
10:26 of 2nd period - Shot Misses the Net.
10:28 of 2nd period - Slapshot by Patrick Wey.
10:28 of 2nd period - Stopped by Kevin Poulin without a rebound.
10:29 of 2nd period - Nick Bjugstad wins face-off versus Petteri Nokelainen in Punishers zone.
10:30 of 2nd period - Wrist shot by Gabriel Bourque.
10:30 of 2nd period - Stopped by Kevin Poulin with a rebound.
10:42 of 2nd period - Slapshot by Petteri Nokelainen.
10:42 of 2nd period - Stopped by Jeff Frazee without a rebound.
10:43 of 2nd period - Luke Adam wins face-off versus Cody Hodgson in Senators zone.
10:46 of 2nd period - Wrist shot by Luke Adam.
10:46 of 2nd period - Shot Blocked by Shane Sims.
10:48 of 2nd period - Minor Penalty to Logan Stephenson for Interference.
10:49 of 2nd period - Petteri Nokelainen wins face-off versus Sergei Kostitsyn in Senators zone.
10:50 of 2nd period - Slapshot by Mike Blunden.
10:50 of 2nd period - Goal by Mike Blunden - Senators : 3 - Punishers : 1.
10:51 of 2nd period - Petteri Nokelainen wins face-off versus Cody Hodgson in neutral zone.
11:44 of 2nd period - Slapshot by Patrick Wey.
11:44 of 2nd period - Shot Blocked by Brandon McMillan.
12:26 of 2nd period - Luke Adam is hit by Nicolas Deslauriers and loses puck.
12:31 of 2nd period - Wrist shot by Sergei Kostitsyn.
12:31 of 2nd period - Deflect By Stanislav Chistov.
12:31 of 2nd period - Stopped by Kevin Poulin without a rebound.
12:32 of 2nd period - Cody Hodgson wins face-off versus Ryan Malone in Punishers zone.
12:39 of 2nd period - Slapshot by Stanislav Chistov.
12:39 of 2nd period - Stopped by Kevin Poulin with a rebound.
12:41 of 2nd period - Snap shot by Shane Sims.
12:41 of 2nd period - Deflect By Sergei Kostitsyn.
12:41 of 2nd period - Stopped by Kevin Poulin with a rebound.
12:43 of 2nd period - Slapshot by Stanislav Chistov.
12:43 of 2nd period - Senators goal is going for a video replay.
12:43 of 2nd period - The goal is good.
12:43 of 2nd period - Goal by Stanislav Chistov - Senators : 4 - Punishers : 1.
12:44 of 2nd period - Cody Hodgson wins face-off versus Ryan Malone in neutral zone.
13:11 of 2nd period - Logan Stephenson is hit by Justin Falk and loses puck.
13:36 of 2nd period - Wrist shot by Casey Cizikas.
13:36 of 2nd period - Stopped by Jeff Frazee with a rebound.
13:38 of 2nd period - Wrist shot by Frazer Mclaren.
13:38 of 2nd period - Shot Misses the Net.
13:53 of 2nd period - Tommy Wingels is hit by Justin Falk and loses puck.
14:00 of 2nd period - Minor Penalty to Tommy Wingels for Diving.
14:01 of 2nd period - Petteri Nokelainen wins face-off versus Sergei Kostitsyn in Senators zone.
14:04 of 2nd period - Snap shot by Ryan Malone.
14:04 of 2nd period - Stopped by Jeff Frazee with a rebound.
14:34 of 2nd period - Wrist shot by Mike Sauer.
14:34 of 2nd period - Shot Misses the Net.
14:36 of 2nd period - Slapshot by Mike Sauer.
14:36 of 2nd period - Shot Blocked by Shane Sims.
15:47 of 2nd period - Justin Falk is hit by Stanislav Chistov and loses puck.
16:00 of 2nd period - Penalty to Tommy Wingels is over, Tommy Wingels is back on ice.
16:00 of 2nd period - Snap shot by Stanislav Chistov.
16:00 of 2nd period - Stopped by Kevin Poulin without a rebound.
16:01 of 2nd period - Tommy Wingels wins face-off versus Casey Cizikas in Punishers zone.
16:06 of 2nd period - Wrist shot by Tomas Jurco.
16:06 of 2nd period - Deflect By Tommy Wingels.
16:06 of 2nd period - Shot Misses the Net.
16:06 of 2nd period - Puck is out of play.
16:07 of 2nd period - Casey Cizikas wins face-off versus Ryan Dzingel in Punishers zone.
16:25 of 2nd period - Alex Petrovic is hit by Tomas Jurco and loses puck.
16:42 of 2nd period - Snap shot by Casey Cizikas.
16:42 of 2nd period - Goal by Casey Cizikas - Senators : 4 - Punishers : 2.
16:43 of 2nd period - Luke Adam wins face-off versus Cody Hodgson in neutral zone.
16:50 of 2nd period - Snap shot by Tanner Glass.
16:50 of 2nd period - Shot Blocked by Stanislav Chistov.
17:25 of 2nd period - Patrick Wey is hit by Casey Cizikas and loses puck.
17:51 of 2nd period - Slapshot by Nick Bjugstad.
17:51 of 2nd period - Deflect By Matt Frattin.
17:51 of 2nd period - Deflect By Brandon McMillan.
17:51 of 2nd period - Stopped by Kevin Poulin without a rebound.
17:52 of 2nd period - Cody Hodgson wins face-off versus Petteri Nokelainen in Punishers zone.
19:18 of 2nd period - Icing by Stanislav Chistov.
19:19 of 2nd period - Petteri Nokelainen wins face-off versus Cody Hodgson in Senators zone.
19:28 of 2nd period - Wrist shot by Sergei Kostitsyn.
19:28 of 2nd period - Shot Misses the Net.
19:30 of 2nd period - Snap shot by Cody Hodgson.
19:30 of 2nd period - Shot Blocked by Justin Falk.
19:34 of 2nd period - Wrist shot by Cody Hodgson.
19:34 of 2nd period - Shot Misses the Net.
19:46 of 2nd period - Slapshot by Matt Frattin.
19:46 of 2nd period - Shot Blocked by Justin Falk.
Goals for this period are 1 for Senators vs 2 for Punishers.
Shots for this period are 9 for Senators vs 5 for Punishers.
3rd period
0:01 of 3rd period - Petteri Nokelainen wins face-off versus Cody Hodgson in neutral zone.
0:32 of 3rd period - Wrist shot by Gabriel Bourque.
0:32 of 3rd period - Shot Misses the Net.
0:34 of 3rd period - Snap shot by Matt Frattin.
0:34 of 3rd period - Stopped by Kevin Poulin with a rebound.
0:36 of 3rd period - Slapshot by Jeff Petry.
0:36 of 3rd period - Shot Misses the Net.
0:52 of 3rd period - Snap shot by Jaden Schwartz.
0:52 of 3rd period - Shot Misses the Net.
0:54 of 3rd period - Snap shot by Jaden Schwartz.
0:54 of 3rd period - Stopped by Kevin Poulin with a rebound.
0:56 of 3rd period - Snap shot by Mark Olver.
0:56 of 3rd period - Shot Misses the Net.
0:58 of 3rd period - Slapshot by Martin Marincin.
0:58 of 3rd period - Stopped by Kevin Poulin with a rebound.
1:15 of 3rd period - Tomas Jurco is hit by Radek Smolenak and loses puck.
1:54 of 3rd period - Snap shot by Matt Frattin.
1:54 of 3rd period - Stopped by Kevin Poulin without a rebound.
1:55 of 3rd period - Mark Olver wins face-off versus Petteri Nokelainen in Punishers zone.
2:05 of 3rd period - Minor Penalty to Jeff Petry for Hooking.
2:06 of 3rd period - Sergei Kostitsyn wins face-off versus Petteri Nokelainen in Senators zone.
2:15 of 3rd period - Slapshot by Adam McQuaid.
2:15 of 3rd period - Goal by Adam McQuaid - Senators : 4 - Punishers : 3.
2:16 of 3rd period - Petteri Nokelainen wins face-off versus Cody Hodgson in neutral zone.
2:25 of 3rd period - Snap shot by Petteri Nokelainen.
2:25 of 3rd period - Stopped by Jeff Frazee without a rebound.
2:26 of 3rd period - Cody Hodgson wins face-off versus Petteri Nokelainen in Senators zone.
2:49 of 3rd period - Slapshot by Justin Falk.
2:49 of 3rd period - Stopped by Jeff Frazee with a rebound.
3:40 of 3rd period - Shane Sims is hit by Ryan Malone and loses puck.
3:55 of 3rd period - Slapshot by Sergei Kostitsyn.
3:55 of 3rd period - Shot Misses the Net.
3:57 of 3rd period - Snap shot by Stanislav Chistov.
3:57 of 3rd period - Stopped by Kevin Poulin without a rebound.
3:58 of 3rd period - Mark Olver wins face-off versus Luke Adam in Punishers zone.
4:03 of 3rd period - Wrist shot by Mark Olver.
4:03 of 3rd period - Stopped by Kevin Poulin with a rebound.
4:44 of 3rd period - Wrist shot by Boone Jenner.
4:44 of 3rd period - Stopped by Jeff Frazee with a rebound.
4:46 of 3rd period - Slapshot by Alex Petrovic.
4:46 of 3rd period - Deflect By Frazer Mclaren.
4:46 of 3rd period - Shot Misses the Net.
4:46 of 3rd period - Puck is out of play.
4:47 of 3rd period - Gabriel Bourque wins face-off versus Casey Cizikas in Senators zone.
4:47 of 3rd period - Gabriel Bourque is hit by Mike Sauer.
4:55 of 3rd period - Snap shot by Gabriel Bourque.
4:55 of 3rd period - Shot Blocked by Matt Mackenzie.
6:04 of 3rd period - Icing by Sergei Kostitsyn.
6:05 of 3rd period - Nick Bjugstad wins face-off versus Tanner Glass in Senators zone.
6:24 of 3rd period - Mark Olver is hit by Alex Petrovic and loses puck.
6:29 of 3rd period - Wrist shot by Ryan Malone.
6:29 of 3rd period - Goal by Ryan Malone - Senators : 4 - Punishers : 4.
6:30 of 3rd period - Petteri Nokelainen wins face-off versus Cody Hodgson in neutral zone.
6:42 of 3rd period - Snap shot by Sergei Kostitsyn.
6:42 of 3rd period - Shot Blocked by Mike Blunden.
6:44 of 3rd period - Slapshot by Logan Stephenson.
6:44 of 3rd period - Stopped by Kevin Poulin without a rebound.
6:45 of 3rd period - Mark Olver wins face-off versus Luke Adam in Punishers zone.
6:51 of 3rd period - Off-side.
6:52 of 3rd period - Luke Adam wins face-off versus Mark Olver in neutral zone.
7:01 of 3rd period - Slapshot by Jaden Schwartz.
7:01 of 3rd period - Shot Blocked by Adam McQuaid.
8:15 of 3rd period - Minor Penalty to Mike Sauer for Interference.
8:16 of 3rd period - Ryan Malone wins face-off versus Cody Hodgson in Punishers zone.
8:29 of 3rd period - Snap shot by Stanislav Chistov.
8:29 of 3rd period - Stopped by Kevin Poulin with a rebound.
8:31 of 3rd period - Snap shot by Cody Hodgson.
8:31 of 3rd period - Shot Blocked by Ryan Malone.
8:42 of 3rd period - Icing by Logan Stephenson.
8:43 of 3rd period - Philippe Paradis wins face-off versus Mark Olver in Senators zone.
9:18 of 3rd period - Slapshot by Stanislav Chistov.
9:18 of 3rd period - Senators goal is going for a video replay.
9:18 of 3rd period - The goal is good.
9:18 of 3rd period - Goal by Stanislav Chistov - Senators : 5 - Punishers : 4.
9:19 of 3rd period - Cody Hodgson wins face-off versus Luke Adam in neutral zone.
9:53 of 3rd period - Slapshot by Ryan Malone.
9:53 of 3rd period - Shot Misses the Net.
9:55 of 3rd period - Wrist shot by Casey Cizikas.
9:55 of 3rd period - Shot Blocked by Sergei Kostitsyn.
9:57 of 3rd period - Snap shot by Casey Cizikas.
9:57 of 3rd period - Shot Misses the Net.
10:34 of 3rd period - Slapshot by Justin Falk.
10:34 of 3rd period - Stopped by Jeff Frazee without a rebound.
10:35 of 3rd period - Nick Bjugstad wins face-off versus Petteri Nokelainen in Senators zone.
10:47 of 3rd period - Gabriel Bourque is hit by Mike Blunden and loses puck.
11:21 of 3rd period - Snap shot by Cody Hodgson.
11:21 of 3rd period - Stopped by Kevin Poulin without a rebound.
11:22 of 3rd period - Cody Hodgson wins face-off versus Casey Cizikas in Punishers zone.
11:29 of 3rd period - Snap shot by Casey Cizikas.
11:29 of 3rd period - Stopped by Jeff Frazee without a rebound.
11:30 of 3rd period - Luke Adam wins face-off versus Cody Hodgson in Senators zone.
11:33 of 3rd period - Snap shot by Luke Adam.
11:33 of 3rd period - Stopped by Jeff Frazee with a rebound.
12:19 of 3rd period - Slapshot by Gabriel Bourque.
12:19 of 3rd period - Shot Misses the Net.
12:39 of 3rd period - Radek Smolenak is hit by Patrick Wey and loses puck.
12:50 of 3rd period - Snap shot by Ryan Dzingel.
12:50 of 3rd period - Shot Misses the Net.
12:52 of 3rd period - Snap shot by Tomas Jurco.
12:52 of 3rd period - Shot Misses the Net.
13:04 of 3rd period - Wrist shot by Mike Blunden.
13:04 of 3rd period - Shot Misses the Net.
13:24 of 3rd period - Wrist shot by Stanislav Chistov.
13:24 of 3rd period - Stopped by Kevin Poulin with a rebound.
13:26 of 3rd period - Snap shot by Patrick Wey.
13:26 of 3rd period - Stopped by Kevin Poulin without a rebound.
13:27 of 3rd period - Mark Olver wins face-off versus Casey Cizikas in Punishers zone.
13:32 of 3rd period - Snap shot by Jaden Schwartz.
13:32 of 3rd period - Stopped by Kevin Poulin without a rebound.
13:33 of 3rd period - Petteri Nokelainen wins face-off versus Cody Hodgson in Punishers zone.
13:42 of 3rd period - Mike Blunden is hit by Sergei Kostitsyn and loses puck.
13:52 of 3rd period - Icing by Adam McQuaid.
13:53 of 3rd period - Mark Olver wins face-off versus Luke Adam in Punishers zone.
13:54 of 3rd period - Slapshot by Jaden Schwartz.
13:54 of 3rd period - Shot Misses the Net.
14:07 of 3rd period - Off-side.
14:08 of 3rd period - Petteri Nokelainen wins face-off versus Cody Hodgson in neutral zone.
14:11 of 3rd period - Slapshot by Adam McQuaid.
14:11 of 3rd period - Stopped by Jeff Frazee with a rebound.
14:14 of 3rd period - Icing by Logan Stephenson.
14:15 of 3rd period - Cody Hodgson wins face-off versus Petteri Nokelainen in Senators zone.
14:20 of 3rd period - Snap shot by Logan Stephenson.
14:20 of 3rd period - Shot Misses the Net.
14:22 of 3rd period - Snap shot by Shane Sims.
14:22 of 3rd period - Stopped by Kevin Poulin without a rebound.
14:23 of 3rd period - Petteri Nokelainen wins face-off versus Sergei Kostitsyn in Punishers zone.
14:44 of 3rd period - Minor Penalty to Mike Blunden for Roughing.
14:45 of 3rd period - Cody Hodgson wins face-off versus Ryan Malone in Punishers zone.
14:54 of 3rd period - Wrist shot by Sergei Kostitsyn.
14:54 of 3rd period - Goal by Sergei Kostitsyn - Senators : 6 - Punishers : 4.
14:55 of 3rd period - Petteri Nokelainen wins face-off versus Cody Hodgson in neutral zone.
15:02 of 3rd period - Slapshot by Justin Falk.
15:02 of 3rd period - Stopped by Jeff Frazee with a rebound.
15:04 of 3rd period - Wrist shot by Petteri Nokelainen.
15:04 of 3rd period - Shot Misses the Net.
15:06 of 3rd period - Slapshot by Mike Blunden.
15:06 of 3rd period - Shot Blocked by Sergei Kostitsyn.
15:08 of 3rd period - Wrist shot by Mike Blunden.
15:08 of 3rd period - Deflect By Ryan Malone.
15:08 of 3rd period - Goal by Ryan Malone - Senators : 6 - Punishers : 5.
15:09 of 3rd period - Cody Hodgson wins face-off versus Petteri Nokelainen in neutral zone.
15:11 of 3rd period - Minor Penalty to Logan Stephenson for Interference.
15:12 of 3rd period - Ryan Malone wins face-off versus Sergei Kostitsyn in Senators zone.
15:24 of 3rd period - Icing by Justin Falk.
15:25 of 3rd period - Petteri Nokelainen wins face-off versus Sergei Kostitsyn in Punishers zone.
15:42 of 3rd period - Wrist shot by Mike Blunden.
15:42 of 3rd period - Shot Misses the Net.
15:44 of 3rd period - Slapshot by Justin Falk.
15:44 of 3rd period - Shot Blocked by Cody Hodgson.
15:52 of 3rd period - Wrist shot by Ryan Malone.
15:52 of 3rd period - Goal by Ryan Malone - Senators : 6 - Punishers : 6.
15:53 of 3rd period - Petteri Nokelainen wins face-off versus Cody Hodgson in neutral zone.
15:56 of 3rd period - Slapshot by Justin Falk.
15:56 of 3rd period - Shot Misses the Net.
16:05 of 3rd period - Off-side.
16:06 of 3rd period - Cody Hodgson wins face-off versus Petteri Nokelainen in neutral zone.
16:33 of 3rd period - Matt Frattin is hit by Miikka Salomaki and loses puck.
16:44 of 3rd period - Tanner Glass is hit by Shane Sims.
16:58 of 3rd period - Slapshot by Shane Sims.
16:58 of 3rd period - Stopped by Kevin Poulin without a rebound.
16:59 of 3rd period - Mark Olver wins face-off versus Mike Blunden in Punishers zone.
18:33 of 3rd period - Icing by Nick Bjugstad.
18:34 of 3rd period - Boone Jenner wins face-off versus Nick Bjugstad in Senators zone.
18:45 of 3rd period - Matt Frattin is hit by Adam McQuaid and loses puck.
19:12 of 3rd period - Snap shot by Gabriel Bourque.
19:12 of 3rd period - Shot Blocked by Mike Blunden.
19:14 of 3rd period - Wrist shot by Sergei Kostitsyn.
19:14 of 3rd period - Stopped by Kevin Poulin with a rebound.
19:16 of 3rd period - Snap shot by Stanislav Chistov.
19:16 of 3rd period - Shot Misses the Net.
19:18 of 3rd period - Wrist shot by Stanislav Chistov.
19:18 of 3rd period - Deflect By Sergei Kostitsyn.
19:18 of 3rd period - Stopped by Kevin Poulin without a rebound.
19:19 of 3rd period - Cody Hodgson wins face-off versus Petteri Nokelainen in Punishers zone.
Goals for this period are 2 for Senators vs 4 for Punishers.
Shots for this period are 18 for Senators vs 12 for Punishers.
Overtime #1
0:01 of 1st overtime period - Ryan Malone wins face-off versus Sergei Kostitsyn in neutral zone.
0:16 of 1st overtime period - Slapshot by Ryan Malone.
0:16 of 1st overtime period - Stopped by Jeff Frazee with a rebound.
1:17 of 1st overtime period - Mike Sauer is hit by Jeff Petry and loses puck.
1:34 of 1st overtime period - Snap shot by Matt Frattin.
1:34 of 1st overtime period - Shot Misses the Net.
1:36 of 1st overtime period - Backhand shot by Logan Stephenson.
1:36 of 1st overtime period - Shot Misses the Net.
1:58 of 1st overtime period - Stanislav Chistov is hit by Adam McQuaid and loses puck.
2:23 of 1st overtime period - Casey Cizikas is hit by Shane Sims and loses puck.
2:44 of 1st overtime period - Justin Falk is hit by Jeff Petry.
4:16 of 1st overtime period - Ryan Malone is hit by Cody Hodgson and loses puck.
4:33 of 1st overtime period - Snap shot by Petteri Nokelainen.
4:33 of 1st overtime period - Stopped by Jeff Frazee with a rebound.
4:49 of 1st overtime period - Adam McQuaid is hit by Tommy Wingels and loses puck.
Goals for this period are 0 for Senators vs 0 for Punishers.
Shots for this period are 0 for Senators vs 2 for Punishers.
ShootOut
5:00 of 1st overtime period - Penalty Shot by Sergei Kostitsyn for Senators.
5:00 of 1st overtime period - Snap shot by Sergei Kostitsyn.
5:00 of 1st overtime period - Stopped by Kevin Poulin.
5:00 of 1st overtime period - Penalty Shot by Ryan Malone for Punishers.
5:00 of 1st overtime period - Wrist shot by Ryan Malone.
5:00 of 1st overtime period - Goal by Ryan Malone.
5:00 of 1st overtime period - Penalty Shot by Cody Hodgson for Senators.
5:00 of 1st overtime period - Deke by Cody Hodgson.
5:00 of 1st overtime period - Stopped by Kevin Poulin.
5:00 of 1st overtime period - Penalty Shot by Tanner Glass for Punishers.
5:00 of 1st overtime period - Wrist shot by Tanner Glass.
5:00 of 1st overtime period - Shot Misses the Net.
5:00 of 1st overtime period - Penalty Shot by Stanislav Chistov for Senators.
5:00 of 1st overtime period - Deke by Stanislav Chistov.
5:00 of 1st overtime period - Goal by Stanislav Chistov.
5:00 of 1st overtime period - Penalty Shot by Petteri Nokelainen for Punishers.
5:00 of 1st overtime period - Deke by Petteri Nokelainen.
5:00 of 1st overtime period - Goal by Petteri Nokelainen.
Back to the Top